Description

WinterStarcraft's adapted beginner Zerg build order

VOD

https://www.youtube.com/watch?v=bp_ulpL5Bcs

Build Order

Why is there no SALT encoding or Overwolf build?

  13    Overlord  Send near enemy 3rd base location
  17  0:58  Hatchery  
  17    Drone  
  17    Extractor  
  17    Drone  
  17  1:18  Spawning Pool  
  17    Drone x3  
    1:32  Action  3 Drones on Gas
  19  1:48  Overlord  Send to front of your bases to watch for enemies
    2:05  Zergling x4  
    2:06  Queen x2  1 At each base
    2:07  Action  After spawning pool finishes pull 2 drones off of gas and onto minerals at natural
    2:20  Metabolic Boost  
    3:00  Hatchery  
    3:04  Queen x2  For defense if opponent hasn't expanded
    3:43  Action  Metabolic Boost complete put 2 drones back into gas
    4:00  Spore Crawler x3  Against Terran/Protoss, 1 in each mineral line
    4:08  Evolution Chamber  Half-wall at natural
    4:10  Roach Warren  Half-wall at natural
    4:15  Lair  
      Action  Around 30-40 workers get gas 2 & 3
    4:41  Zerg Missile Weapons Level 1  
    4:46  Queen  At 3rd base
    5:07  Evolution Chamber  
    5:25  Glial Reconstitution  
    5:55  Hydralisk Den  
    6:28  Hatchery  60 Drones get 4th or earlier if can't spend enough minerals
      Action  Roach & Hydra to 200 supply with +2/+1 by the end
Spawning Tool Build Advisor. Get it on Overwolf

Go to:

Details

  • Created by: BDBlaffy
  • Published on: Sep 06, 2020
  • Modified on: Sep 06, 2020
  • Patch: 4.11.0
  • Difficulty: Easy
Show

Export as new Build Order

Comments (1)

On Sept. 27, 2020, 9:16 p.m., mannercat  said:

Looks great, can you finish the salt encoding?

Create an account to comment!